 Dungeon Crawl Stone Soup version 0.23-a0-445-g768d57b80b (webtiles) character file.

70 Pixllover the Chopper (level 4, 0/41 HPs)
             Began as a Minotaur Berserker on Nov 17, 2018.
             Was a Believer of Trog.
             Slain by Sigmund
             ... wielding a +0 scythe
              (6 damage)
             ... on level 2 of the Dungeon.
             The game lasted 00:05:21 (1934 turns).

Pixllover the Chopper (Minotaur Berserker)          Turns: 1934, Time: 00:05:23

Health: 0/41       AC:  9    Str: 23    XL:     4   Next: 4%
Magic:  3/3        EV:  9    Int:  4    God:    Trog [**....]
Gold:   48         SH:  0    Dex:  9    Spells: 3/3 levels left

rFire    . . .     SeeInvis .   a - +0 hand axe
rCold    . . .     Gourm    .   (no shield)
rNeg     . . .     Faith    .   h - +0 chain mail
rPois    .         Spirit   .   (helmet restricted)
rElec    .         Reflect  .   (no cloak)
rCorr    .         Harm     .   (no gloves)
MR       .....                  (no boots)
Stlth    ..........             (no amulet)
HPRegen  0.13/turn              (no ring)
MPRegen  0.08/turn              (no ring)

@: berserk cooldown, slowed, very slow
A: retaliatory headbutt, horns 2
a: Berserk, Trog's Hand, Renounce Religion


You were on level 2 of the Dungeon.
You worshipped Trog.
Trog was pleased with you.
You were very hungry.

You visited 1 branch of the dungeon, and saw 2 of its levels.

You collected 48 gold pieces.

Inventory:

Hand Weapons
 a - a +0 hand axe (weapon)
Missiles
 d - 2 tomahawks (quivered)
 g - 7 javelins
Armour
 b - a +0 animal skin
 h - a +0 chain mail (worn)
Scrolls
 f - a scroll of identify
 i - a scroll of magic mapping {unknown}
 j - a scroll of blinking {unknown}
 n - a scroll of fear {unknown}
Potions
 e - a potion of ambrosia {unknown}
 k - a potion of resistance
 l - a potion of curing {unknown}
 o - a potion of agility {unknown}
Comestibles
 c - 3 rations
 m - a chunk of flesh


   Skills:
 + Level 4.4 Fighting
 + Level 4.8 Axes
 + Level 2.9 Armour
 + Level 2.6 Dodging


You had 3 spell levels left.
You didn't know any spells.
Your spell library was empty.

Dungeon Overview and Level Annotations

Branches:
Dungeon (2/15)

Altars:
Xom

Annotations:
D:2 Sigmund


Innate Abilities, Weirdness & Mutations

You reflexively headbutt those who attack you in melee.
You have a pair of horns on your head.


Message History

The puff of flame hits you!
You bump into the rock wall.
You feel less confused. Something hits you but does no damage.
You closely miss something. Something hits you!
You hit something but do no damage. You headbutt something.
Something hits you but does no damage.
You closely miss something.
You hear a zap.
A puff of flame appears from out of thin air!
The puff of flame hits you!
You completely miss something. You headbutt something! Something hits you.
* * * LOW HITPOINT WARNING * * *
You closely miss something.
You hear some strange, mumbled words.
A puff of flame appears from out of thin air!
The puff of flame hits you!
* * * LOW HITPOINT WARNING * * *
Something hits you.
You die...

#......# #####......#
###(..........
#....<#......#
#.#.#........#
#######.#.#.....####
#.........#....##
##.#####.###.#.##
#..{@.....##.#.#
#..#####.....#.# #...
##.####+## #.###
#.###...##
#.###.###.##.....##
#.........#.......##
##....###..........##
..................'.
#....###..........##


There were no monsters in sight!

Vanquished Creatures
  An adder (D:2)
  An ooze (D:1)
  3 dart slugs
  2 leopard geckos (D:1)
  7 giant cockroaches
  5 goblins
  2 hobgoblins
  4 jackals (D:1)
  A quokka (D:2)
  A ball python (D:2)
  5 bats (D:1)
  8 kobolds (D:1)
  5 rats
  A plant (D:1)
46 creatures vanquished.

Notes
Turn   | Place    | Note
-------+----------+-------------------------------------------
     0 | D:1      | Pixllover the Minotaur Berserker began the quest for the
                  | Orb.
     0 | D:1      | Reached XP level 1. HP: 19/19 MP: 0/0
    92 | D:1      | Reached XP level 2. HP: 23/27 MP: 1/1
   699 | D:1      | Reached XP level 3. HP: 33/33 MP: 2/2
   884 | D:1      | Reached ** piety under Trog
  1478 | D:2      | Found a shimmering altar of Xom.
  1725 | D:2      | Reached XP level 4. HP: 38/41 MP: 3/3
  1907 | D:2      | Noticed Sigmund
  1934 | D:2      | Slain by Sigmund

Vault maps used:
D:1:      doesnt_arrival_eight_statues, serial_bayou_lake_a
D:2:      xom_teletrap_fun, uniq_sigmund

Skill      XL: |  1  2 |
---------------+-------+-----
Fighting       | 4 |  4.4
Axes           | 4 |  4.8
Armour         | |  2.9
Dodging        | |  2.6

Action                   |  1- 3 |  4- 6 || total
-------------------------+-------+-------++-------
Melee: Hand axe          |   139 |    18 ||   157
       Headbutt          |    17 |     4 ||    21
Invok: Berserk           |       |     1 ||     1
  Use: Scroll            |     1 |       ||     1
       Potion            |     1 |       ||     1
  Eat: Chunk             |     3 |       ||     3
Armor: Animal skin       |    15 |       ||    15
       Chain mail        |    49 |     6 ||    55
Dodge: Dodged            |    77 |     2 ||    79

Table legend:
 A = Non-vault XP
 B = Vault XP
 C = Vault XP percentage of total XP
 D = Non-vault monster count
 E = Vault monster count
 F = Vault count percentage of total count
                 A         B        C        D         E       F
            +---------+---------+-------+---------+---------+-------
      Total |     101 |       0 |   0.0 |      45 |       0 |   0.0
            +---------+---------+-------+---------+---------+-------
        D:1 |      64 |       0 |   0.0 |      33 |       0 |   0.0
        D:2 |      37 |       0 |   0.0 |      12 |       0 |   0.0
            +---------+---------+-------+---------+---------+-------
